3AAA
BRINKLEY BELUGAS @ AUGUSTA TIMBER HAWKS
07/09/2028
 
TOP OF THE 1ST
Brinkley Belugas batting - Pitching for Augusta Timber Hawks : LHP Drew Cullen
Pitching: LHP Drew Cullen
Batting: LHB Marcos Deleón 0-0: Foul Ball, location: 2F
0-1: Ball
1-1: Foul Ball, location: 2F
1-2: Foul Ball, location: 2F
1-2: Foul Ball, location: 2F
1-2: Strikes out looking
Batting: RHB Griffin Woodfinlevine 0-0: SINGLE (Groundball, 6MD)
Batting: RHB Steve Jones 0-0: Ball
1-0: Foul Ball, location: 2F
1-1: Called Strike
1-2: Ball
2-2: Foul Ball, location: 2F
2-2: Ball
3-2: Strikes out looking
Batting: RHB Brandon Cole 0-0: Ball
1-0: Called Strike
1-1: Called Strike
Griffin Woodfinlevine steals 2nd base
1-2: Foul Ball, location: 2F
1-2: Fly out, F8 (Flyball, 8LS)
Top of the 1st over - 0 run(s), 1 hit(s), 0 error(s), 1 left on base; Brinkley 0 - Augusta 0
BOTTOM OF THE 1ST
Augusta Timber Hawks batting - Pitching for Brinkley Belugas : RHP Juan Hernández
Pitching: RHP Juan Hernández
Batting: LHB António Serrano 0-0: Fly out, F8 (Flyball, 8LM)
Batting: RHB Anastasio Hernández 0-0: Fly out, F7 (Flyball, 7S)
Batting: RHB Scott Robertson 0-0: Ground out 5-3 (Groundball, 5S)
Bottom of the 1st over - 0 run(s), 0 hit(s), 0 error(s), 0 left on base; Brinkley 0 - Augusta 0
TOP OF THE 2ND
Brinkley Belugas batting - Pitching for Augusta Timber Hawks : LHP Drew Cullen
Batting: LHB Mike Cook 0-0: Ball
1-0: Ball
2-0: Called Strike
2-1: Ball
3-1: Called Strike
3-2: Strikes out swinging
Batting: RHB Orlando Velásquez 0-0: Ball
1-0: Ball
2-0: Called Strike
2-1: Called Strike
2-2: Strikes out swinging
Batting: RHB Edgardo Bello 0-0: Swinging Strike
0-1: Called Strike
0-2: Ball
1-2: Ball
2-2: Strikes out swinging
Top of the 2nd over - 0 run(s), 0 hit(s), 0 error(s), 0 left on base; Brinkley 0 - Augusta 0
BOTTOM OF THE 2ND
Augusta Timber Hawks batting - Pitching for Brinkley Belugas : RHP Juan Hernández
Batting: RHB Uchino Akahito 0-0: Ball
1-0: Swinging Strike
1-1: Foul Ball, location: 2F
1-2: Ball
2-2: Ball
3-2: Foul Ball, location: 2F
3-2: Base on Balls
Batting: RHB Kenny Fleming 0-0: Ball
1-0: SINGLE (Groundball, 56) (infield hit)
Uchino Akahito to second
Batting: RHB Pedro Jiménez 0-0: Called Strike
0-1: Ball
1-1: Swinging Strike
1-2: Strikes out swinging
Batting: RHB Armond Merlin 0-0: Ball
1-0: Called Strike
1-1: Fly out, F7 (Flyball, 78XD)
Runner from 2nd tags up, SAFE at 3rd, no throw
Batting: SHB Eduardo Pampin 0-0: Ball
1-0: Ball
Passed Ball!
Uchino Akahito scores
Kenny Fleming to second
2-0: Called Strike
2-1: Foul Ball, location: 2F
2-2: Strikes out swinging
Bottom of the 2nd over - 1 run(s), 1 hit(s), 0 error(s), 1 left on base; Brinkley 0 - Augusta 1
TOP OF THE 3RD
Brinkley Belugas batting - Pitching for Augusta Timber Hawks : LHP Drew Cullen
Batting: RHB Parker Smith 0-0: Ball
1-0: Ball
2-0: Ball
3-0: Called Strike
3-1: Swinging Strike
3-2: Base on Balls
Batting: LHB Harold Wiggins 0-0: Fly out, F8 (Flyball, 8LM)
Batting: LHB Marcos Deleón 0-0: Ball
1-0: Called Strike
1-1: Called Strike
Parker Smith steals 2nd base
1-2: Foul Ball, location: 2F
1-2: Ball
2-2: Foul Ball, location: 2F
2-2: Ground out 1-3 (Groundball, P)
Parker Smith to third
Batting: RHB Griffin Woodfinlevine 0-0: Ball
1-0: Ball
2-0: Called Strike
2-1: Fly out, F4 (Line Drive, 4)
Top of the 3rd over - 0 run(s), 0 hit(s), 0 error(s), 1 left on base; Brinkley 0 - Augusta 1
BOTTOM OF THE 3RD
Augusta Timber Hawks batting - Pitching for Brinkley Belugas : RHP Juan Hernández
Batting: RHB Ed Jozwiak 0-0: Ball
1-0: Ball
2-0: Ball
3-0: Base on Balls
Batting: LHB António Serrano 0-0: Called Strike
0-1: Ball
1-1: Ball
2-1: SINGLE (Line Drive, 4D)
Ed Jozwiak to second
Batting: RHB Anastasio Hernández 0-0: Ball
1-0: Swinging Strike
1-1: Grounds into double play, 6-4-3 (Groundball, 6)
Ed Jozwiak to third
Batting: RHB Scott Robertson 0-0: Ball
1-0: Ground out 4-3 (Groundball, 4)
Bottom of the 3rd over - 0 run(s), 1 hit(s), 0 error(s), 1 left on base; Brinkley 0 - Augusta 1
TOP OF THE 4TH
Brinkley Belugas batting - Pitching for Augusta Timber Hawks : LHP Drew Cullen
Batting: RHB Steve Jones 0-0: Ball
1-0: Foul Ball, location: 2F
1-1: Ball
2-1: Foul Ball, location: 2F
2-2: Ball
3-2: Foul Ball, location: 2F
3-2: Base on Balls
Batting: RHB Brandon Cole 0-0: Called Strike
0-1: Ball
1-1: Ball
2-1: Ball
3-1: Called Strike
3-2: Foul Ball, location: 2F
3-2: 2-RUN HOME RUN (Flyball, 89XD), Distance : 432 ft
Batting: LHB Mike Cook 0-0: Ball
1-0: Foul Ball, location: 2F
1-1: Called Strike
1-2: Ball
2-2: Ball
3-2: SINGLE (Line Drive, 4M)
Batting: RHB Orlando Velásquez 0-0: SINGLE (Groundball, 4D)
Mike Cook to second
Runner from 2nd tries for 3rd, SAFE, throw made to third
Batting: RHB Edgardo Bello 0-0: Foul Ball, location: 2F
0-1: Swinging Strike
0-2: Grounds into double play, 4-6-3 (Groundball, 4)
Mike Cook scores
Batting: RHB Parker Smith 0-0: Called Strike
0-1: Ball
1-1: Ball
2-1: Foul Ball, location: 2F
2-2: Ball
3-2: Base on Balls
Batting: LHB Harold Wiggins 0-0: Called Strike
0-1: Ball
1-1: Ball
2-1: Swinging Strike
2-2: Fielders Choice at 2nd, 4-6 (Groundball, 4)
Top of the 4th over - 3 run(s), 3 hit(s), 0 error(s), 0 left on base; Brinkley 3 - Augusta 1
BOTTOM OF THE 4TH
Augusta Timber Hawks batting - Pitching for Brinkley Belugas : RHP Juan Hernández
Batting: RHB Uchino Akahito 0-0: Called Strike
0-1: Swinging Strike
0-2: Ground out 5-3 (Groundball, 56)
Batting: RHB Kenny Fleming 0-0: Ball
1-0: Ball
2-0: Ball
3-0: Base on Balls
Batting: RHB Pedro Jiménez 0-0: Called Strike
0-1: Ball
1-1: Ball
Throwing error on steal attempt, E2
Kenny Fleming to third
2-1: DOUBLE (Line Drive, 9LM)
Kenny Fleming scores
Batting: RHB Armond Merlin 0-0: Ball
1-0: Ground out 4-3 (Groundball, 4)
Pedro Jiménez to third
Batting: SHB Eduardo Pampin 0-0: Called Strike
0-1: Swinging Strike
0-2: Ball
1-2: Strikes out swinging
Bottom of the 4th over - 1 run(s), 1 hit(s), 1 error(s), 1 left on base; Brinkley 3 - Augusta 2
TOP OF THE 5TH
Brinkley Belugas batting - Pitching for Augusta Timber Hawks : LHP Drew Cullen
Batting: LHB Marcos Deleón 0-0: Ball
1-0: Called Strike
1-1: SINGLE (Groundball, 4MD)
Batting: RHB Griffin Woodfinlevine 0-0: Sac Bunt - play at first, batter OUT! 1-3
Marcos Deleón to second
Batting: RHB Steve Jones 0-0: Ball
Marcos Deleón steals 3rd base
1-0: Called Strike
1-1: Ball
2-1: Swinging Strike
2-2: Ball
3-2: Strikes out swinging
Batting: RHB Brandon Cole 0-0: Fly out, F8 (Flyball, 78D)
Top of the 5th over - 0 run(s), 1 hit(s), 0 error(s), 1 left on base; Brinkley 3 - Augusta 2
BOTTOM OF THE 5TH
Augusta Timber Hawks batting - Pitching for Brinkley Belugas : RHP Juan Hernández
Batting: RHB Ed Jozwiak 0-0: Ball
1-0: Foul Ball, location: 2F
1-1: Ball
2-1: Swinging Strike
2-2: Strikes out looking
Batting: LHB António Serrano 0-0: Ball
1-0: Ground out 6-3 (Groundball, 6)
Batting: RHB Anastasio Hernández 0-0: Called Strike
0-1: Fly out, F3 (Line Drive, 34)
Bottom of the 5th over - 0 run(s), 0 hit(s), 0 error(s), 0 left on base; Brinkley 3 - Augusta 2
TOP OF THE 6TH
Brinkley Belugas batting - Pitching for Augusta Timber Hawks : LHP Drew Cullen
Batting: LHB Mike Cook 0-0: Called Strike
0-1: Called Strike
0-2: Ball
1-2: Strikes out swinging
Pitching: RHP Jim Atkinson
Batting: RHB Orlando Velásquez 0-0: Ball
1-0: Ball
2-0: Ball
3-0: Base on Balls
Batting: RHB Edgardo Bello 0-0: Called Strike
0-1: Called Strike
0-2: Strikes out swinging
Batting: RHB Parker Smith 0-0: Ball
1-0: Called Strike
1-1: Fly out, F8 (Flyball, 89M)
Top of the 6th over - 0 run(s), 0 hit(s), 0 error(s), 1 left on base; Brinkley 3 - Augusta 2
BOTTOM OF THE 6TH
Augusta Timber Hawks batting - Pitching for Brinkley Belugas : RHP Juan Hernández
Batting: RHB Scott Robertson Error on foul ball, E5
0-1: Ball
1-1: Ball
2-1: Fly out, F9 (Flyball, 9S)
Batting: RHB Uchino Akahito 0-0: Ball
1-0: Foul Ball, location: 2F
1-1: Ball
2-1: Swinging Strike
2-2: Fly out, F3 (Flyball, 3D)
Batting: RHB Kenny Fleming 0-0: Ball
1-0: DOUBLE (Flyball, 78M)
Batting: RHB Pedro Jiménez 0-0: Ball
1-0: Swinging Strike
1-1: Foul Ball, location: 2F
1-2: Ball
2-2: Fly out, F5 (Popup, 5L)
Bottom of the 6th over - 0 run(s), 1 hit(s), 1 error(s), 1 left on base; Brinkley 3 - Augusta 2
TOP OF THE 7TH
Brinkley Belugas batting - Pitching for Augusta Timber Hawks : RHP Jim Atkinson
Batting: LHB Harold Wiggins 0-0: Called Strike
0-1: Called Strike
0-2: Strikes out swinging
Batting: LHB Marcos Deleón 0-0: SOLO HOME RUN (Flyball, 9D), Distance : 394 ft
Batting: RHB Griffin Woodfinlevine 0-0: Ball
1-0: Ball
2-0: Called Strike
2-1: Ball
3-1: Ground out 6-3 (Groundball, 6)
Batting: RHB Steve Jones 0-0: Ball
1-0: Swinging Strike
1-1: Ball
2-1: Foul Ball, location: 2F
2-2: Strikes out swinging
Top of the 7th over - 1 run(s), 1 hit(s), 0 error(s), 0 left on base; Brinkley 4 - Augusta 2
BOTTOM OF THE 7TH
Augusta Timber Hawks batting - Pitching for Brinkley Belugas : RHP Juan Hernández
Now in LF: Manny Carbajal
Batting: RHB Armond Merlin 0-0: Fly out, F9 (Line Drive, 89M)
Batting: SHB Eduardo Pampin 0-0: Fly out, F3 (Popup, 3S)
Batting: RHB Ed Jozwiak 0-0: Called Strike
0-1: Called Strike
0-2: Ball
1-2: Strikes out swinging
Bottom of the 7th over - 0 run(s), 0 hit(s), 0 error(s), 0 left on base; Brinkley 4 - Augusta 2
TOP OF THE 8TH
Brinkley Belugas batting - Pitching for Augusta Timber Hawks : RHP Jim Atkinson
Batting: RHB Brandon Cole 0-0: Ball
1-0: Called Strike
1-1: Foul Ball, location: 2F
1-2: SINGLE (Groundball, 56D)
Batting: LHB Mike Cook 0-0: Foul Ball, location: 2F
0-1: Foul Ball, location: 2F
0-2: Ball
1-2: Foul Ball, location: 2F
1-2: Foul Ball, location: 2F
1-2: Ball
2-2: Strikes out swinging
Batting: RHB Orlando Velásquez 0-0: Ball
1-0: Ball
2-0: Ball
3-0: Called Strike
3-1: Called Strike
3-2: SINGLE (Groundball, 6) (infield hit)
Brandon Cole to second
Batting: RHB Edgardo Bello 0-0: Ball
1-0: Ball
2-0: Called Strike
2-1: Ball
3-1: Base on Balls
Brandon Cole to third
Orlando Velásquez to second
Pinch Hitting: SHB Zuberi Mccray 0-0: Swinging Strike
0-1: Ball
1-1: Called Strike
1-2: Ball
2-2: Strikes out swinging
Pitching: RHP Cornelius Bigelow
Pinch Hitting: SHB Mario Domondón 0-0: Ball
1-0: SINGLE (Groundball, 34D)
Brandon Cole scores
Orlando Velásquez to third
Edgardo Bello to second
Runner from 3rd tries for Home, SAFE, no throw
Batting: LHB Marcos Deleón 0-0: Foul Ball, location: 2F
0-1: Fly out, F9 (Flyball, 9S)
Top of the 8th over - 2 run(s), 3 hit(s), 0 error(s), 2 left on base; Brinkley 6 - Augusta 2
BOTTOM OF THE 8TH
Augusta Timber Hawks batting - Pitching for Brinkley Belugas : RHP Juan Hernández
Now at 2B: Bernardo Hernández
Now in LF: Mario Domondón
Batting: LHB António Serrano 0-0: Ball
1-0: Ball
2-0: Ball
3-0: Foul Ball, location: 2F
3-1: Foul Ball, location: 2F
3-2: SINGLE (Line Drive, 9LS)
Batting: RHB Anastasio Hernández 0-0: Fly out, F2 (Popup, 3S)
Batting: RHB Scott Robertson 0-0: Ball
1-0: DOUBLE (Flyball, 8LXD)
António Serrano to third
Runner from 3rd tries for Home, SAFE, no throw
Pitching: RHP Carlos Padrón
Batting: RHB Uchino Akahito 0-0: Foul Ball, location: 2F
0-1: Swinging Strike
0-2: Ball
1-2: Ball
2-2: Strikes out swinging
Batting: RHB Kenny Fleming 0-0: Ball
1-0: Ball
2-0: Ball
3-0: Called Strike
3-1: Called Strike
3-2: SINGLE (Line Drive, 89S)
Scott Robertson to third
Scott Robertson scores
Batting: RHB Pedro Jiménez 0-0: Ball
1-0: Ball
2-0: Ball
3-0: Called Strike
3-1: Foul Ball, location: 2F
3-2: SINGLE (Flyball, 89S)
Kenny Fleming to second
Kenny Fleming to third
Pinch Hitting: LHB Alberto Torres 0-0: Ball
1-0: SINGLE (Line Drive, 6D)
Kenny Fleming scores
Pedro Jiménez to second
Batting: SHB Eduardo Pampin 0-0: Ball
1-0: Foul Ball, location: 2F
1-1: Ball
2-1: Foul Ball, location: 2F
2-2: 3-RUN HOME RUN (Line Drive, 9D), Distance : 384 ft
Pitching: LHP Don Teehan
Batting: RHB Ed Jozwiak 0-0: Ball
1-0: Foul Ball, location: 2F
1-1: Ball
2-1: Swinging Strike
2-2: Ground out 1-3 (Groundball, P)
Bottom of the 8th over - 6 run(s), 6 hit(s), 0 error(s), 0 left on base; Brinkley 6 - Augusta 8
TOP OF THE 9TH
Brinkley Belugas batting - Pitching for Augusta Timber Hawks : RHP Cornelius Bigelow
Pitching: RHP Ángel Gómez
Now at 1B: Alberto Torres
Batting: RHB Manny Carbajal 0-0: Fly out, F9 (Flyball, 9)
Batting: RHB Steve Jones 0-0: Ball
1-0: Called Strike
1-1: Reached on error, E6 (Groundball, 6S)
Batting: RHB Brandon Cole 0-0: Ball
1-0: Foul Ball, location: 2F
1-1: Foul Ball, location: 2F
1-2: Foul Ball, location: 2F
1-2: Ball
2-2: Ball
3-2: SINGLE (Groundball, 34D)
Steve Jones to second
Runner from 2nd tries for 3rd, OUT!
Batting: LHB Mike Cook 0-0: Ball
1-0: Ball
2-0: Foul Ball, location: 2F
2-1: Ball
3-1: Base on Balls
Brandon Cole to second
Batting: RHB Orlando Velásquez 0-0: Ball
1-0: Called Strike
1-1: Called Strike
1-2: Foul Ball, location: 2F
1-2: Strikes out looking
Top of the 9th over - 0 run(s), 1 hit(s), 1 error(s), 2 left on base; Brinkley 6 - Augusta 8
Monday, August 14th, 2017 - OOTP Baseball 17.12 Build 75